 Dungeon Crawl Stone Soup version 0.25-a0-1130-g3926558f3a (webtiles) character file.

Game seed: 13873027757043472175, levelgen mode: deterministic

14960 Flugslaktarn the Cleaver (level 12, 0/76 HPs)
             Began as a Gargoyle Fighter on May 19, 2020.
             Was a High Priest of Okawaru.
             Slain by a dire elephant (3 damage)
             ... on level 5 of the Lair of Beasts.
             The game lasted 00:23:40 (5042 turns).

Flugslaktarn the Cleaver (Gargoyle Fighter)         Turns: 5042, Time: 00:23:40

Health: 0/76       AC: 28    Str: 26    XL:     12   Next: 22%
Magic:  0/17       EV:  6    Int: 10    God:    Okawaru [*****.]
Gold:   392        SH: 12    Dex:  9    Spells: 11/11 levels left

rFire    x . .     SeeInvis .   a - +0 war axe
rCold    + . .     Gourm    .   c - +0 kite shield
rNeg     + . .     Faith    .   h - +0 plate armour
rPois    ∞         Spirit   +   r - +1 helmet
rElec    +         Reflect  .   g - scarf {+Inv}
rCorr    .         Harm     .   (no gloves)
MR       .....                  D - +0 pair of boots
Stlth    ..........             n - amulet of guardian spirit
HPRegen  0.22/turn              l - ring of stealth
MPRegen  0.15/turn              y - ring of ice

@: about to teleport, finesse
A: slimy green scales 1, negative energy resistance 1, electricity resistance,
strong 1, unbreathing, petrification resistance, rot immunity, AC +8
a: Heroism, Finesse, Renounce Religion, Evoke Invisibility


You were on level 5 of the Lair of Beasts.
You worshipped Okawaru.
Okawaru was extremely pleased with you.
You were not hungry.

You visited 3 branches of the dungeon, and saw 16 of its levels.

You collected 601 gold pieces.
You spent 209 gold pieces at shops.

Inventory:

Hand Weapons
 a - a +0 war axe (weapon)
Missiles
 b - 13 boomerangs (quivered)
 k - 4 throwing nets
Armour
 c - a +0 kite shield (worn)
 g - a scarf of invisibility (worn)
   (You found it on level 8 of the Dungeon)
 h - a +0 plate armour (worn)
   (You found it on level 1 of the Dungeon)
 o - a +0 cloak
   (You found it on level 4 of the Dungeon)
 r - a +1 helmet (worn)
   (You found it on level 10 of the Dungeon)
 D - a +0 pair of boots (worn)
   (You found it on level 10 of the Dungeon)
Jewellery
 l - a ring of stealth (left hand)
   (You found it on level 6 of the Dungeon)
 n - an amulet of guardian spirit (around neck)
   (You found it on level 3 of the Dungeon)
 y - a ring of ice (right hand)
   (You found it on level 2 of the Lair of Beasts)
 G - an uncursed amulet of faith {unknown}
   (You found it on level 1 of the Lair of Beasts)
Wands
 d - a wand of iceblast (11)
   (You took it off Joseph on level 7 of the Dungeon)
 i - a wand of clouds (7)
   (You found it on level 8 of the Dungeon)
 m - a wand of paralysis (7)
   (You found it on level 3 of the Dungeon)
 v - a wand of digging (5)
   (You found it on level 5 of the Dungeon)
 w - a wand of acid (12)
   (You found it on level 9 of the Dungeon)
 I - a wand of enslavement (15)
   (You found it on level 9 of the Dungeon)
Scrolls
 f - 3 scrolls of enchant weapon
 t - 5 scrolls of teleportation
 u - a scroll of fog
 x - 5 scrolls of remove curse
 z - 3 scrolls of blinking
 F - 3 scrolls of magic mapping {unknown}
 K - a scroll of torment {unknown}
Potions
 j - 2 potions of haste
 p - 2 potions of ambrosia
 q - 5 potions of curing
 s - a potion of magic
 A - a potion of resistance {unknown}
 B - a potion of invisibility {unknown}
 C - a potion of heal wounds {unknown}
 H - a potion of flight {unknown}
Miscellaneous
 E - a phial of floods
   (You found it on level 9 of the Dungeon)
Comestibles
 e - 18 rations
 J - 7 chunks of flesh


   Skills:
 + Level 9.4 Fighting
 * Level 10.6 Axes
 + Level 9.4 Armour
 + Level 9.4 Shields
 + Level 6.8 Invocations
 - Level 4.0 Evocations


You had 11 spell levels left.
You didn't know any spells.
Your spell library contained the following spells:

 Spells                   Type           Power        Failure   Level  Hunger
 Apportation              Tloc           #.....       100%        1    ##.....
 Corona                   Hex            #......      100%        1    ##.....
 Summon Butterflies       Summ           #.......     100%        1    ##.....
 Ensorcelled Hibernation  Hex/Ice        #.....       100%        2    ###....
 Confusing Touch          Hex            #.......     100%        3    ####...
 Dazzling Flash           Conj/Hex       #.....       100%        3    ####...
 Lesser Beckoning         Tloc           #.........   100%        3    ####...
 Tukima's Dance           Hex            #.......     100%        3    ####...
 Alistair's Intoxication  Tmut/Pois      #.......     100%        5    ######.
 Invisibility             Hex            #.......     100%        6    #######


Dungeon Overview and Level Annotations

Branches:
Dungeon (10/15)            Temple (1/1) D:7            Lair (5/6) D:9
  Snake (0/4) Lair:3          Orc (0/2) D:9
  Swamp: Lair:2-4    Shoals: Lair:2-4     Slime: Lair:5-6

Altars:
Ashenzari
Cheibriados
Elyvilon
Fedhas
Gozag
Hepliaklqana
Kikubaaqudgha
Nemelex Xobeh
Okawaru
Qazlal
Ru
Sif Muna
Trog
Uskayaw
Vehumet
Wu Jian
Xom
Yredelemnul
Zin
The Shining One

Shops:
D:5 *?%   D:9 }

Annotations:
D:3 2 transporters, HoaS's ghost, weakling DgTm
Lair:2 1 runed translucent door, kae's ghost, journeyman MfIE


Innate Abilities, Weirdness & Mutations

You are resistant to torment.
Your stone body is resilient. (AC +8)
You are immune to poison.
You resist negative energy. (rN+)
You are resistant to electric shocks. (rElec)
You can survive without breathing.
You are immune to petrification.
You are immune to rotting.
You are partially covered in slimy green scales. (AC +2)
Your muscles are strong. (Str +2)


Message History

The elephant completely misses the fungus.
The elephant trunk-slaps the fungus but does no damage.
You block the dire elephant's attack.
The dire elephant trunk-slaps you but does no damage.
The elephant tramples the fungus.
The elephant completely misses the fungus.
Unknown command.
You slash the dire elephant!
The dire elephant is severely wounded.
You slash the fungus! x2; You hit the plant.
The elephant tramples the fungus.
The elephant trunk-slaps the fungus.
The elephant tramples the fungus!
The elephant trunk-slaps the fungus.
You hit the dire elephant but do no damage.
The dire elephant is severely wounded.
You hit the elephant. You hit the fungus. You hit the fungus but do no damage.
You hit the plant but do no damage.
The elephant tramples the fungus!!
The elephant trunk-slaps the fungus.
The dire elephant tramples you!!
* * * LOW HITPOINT WARNING * * *
You hold your ground!
The dire elephant trunk-slaps you.
You die...

..................
#.......(........
#................
#P..............F
####..........♣♣♣♣♣♣ ♣
.##.........♣♣♣♣♣♣♣♣♣♣♣PP
.###.......♣♣P♣♣PPPPP§PP♣
†.........♣♣♣♣PPP.P§§§PPP
.÷........♣ ♣PPP@Y☼§§§..P
##.......♣♣♣PP..(YY§§§.$P
###.....♣♣♣PP.P....÷Y§...
###.....♣ ♣PP.....÷......
.#......♣PPP...÷÷..PPP.÷.
..#....(♣PP....†..PPYP...
........♣♣PP..^.†.PPY....
#.......♣♣P....†..PY≈....
# ##.


You could see a dire elephant (corroded) and 6 elephants.

Vanquished Creatures
  Harold (D:7)
  An obsidian statue (D:9)
  6 elephants (Lair:5)
  Joseph (D:7)
  5 spiny frogs
  4 komodo dragons
  A rime drake (Lair:3)
  2 hornets
  2 blink frogs (Lair:2)
  A hippogriff (Lair:1)
  A spriggan (Lair:5)
  A wraith (D:8)
  11 yaks (Lair:2)
  3 basilisks (Lair:1)
  A hungry ghost (D:7)
  3 nagas (Lair:3)
  5 porcupines
  7 water moccasins
  An ice beast (D:9)
  A sky beast (D:9)
  2 black bears
  An ogre (D:9)
  17 wolves
  2 centaurs
  3 crocodiles
  6 bullfrogs
  A gnoll sergeant (D:8)
  A scorpion (D:6)
  3 killer bees (D:10)
  5 howler monkeys
  3 crimson imps
  A bullfrog skeleton (D:5)
  2 centaur skeletons
  4 hounds
  2 orc priests (D:5)
  4 orc wizards
  2 iguanas
  5 worker ants
  A hound skeleton (D:4)
  A worker ant zombie (D:10)
  12 gnolls
  5 adders
  2 shadow imps
  2 adder zombies (D:9)
  An adder skeleton (D:4)
  2 worms
  2 leopard geckos
  15 orcs
  7 giant cockroaches
  3 goblins
  3 hobgoblins
  9 jackals
  6 quokkas
  2 bats
  5 frilled lizards
  3 kobolds
  A leopard gecko skeleton (D:4)
  A leopard gecko zombie (D:7)
  5 rats
  3 fungi
  A plant (Lair:4)
214 creatures vanquished.

Vanquished Creatures (others)
  A plant (Lair:5)
  6 toadstools (D:2)
7 creatures vanquished.

Grand Total: 221 creatures vanquished

Notes
Turn   | Place    | Note
-------+----------+-------------------------------------------
     0 | D:1      | Flugslaktarn the Gargoyle Fighter began the quest for the
                  | Orb.
     0 | D:1      | Reached XP level 1. HP: 14/14 MP: 1/1
     2 | D:1      | Noticed a draconian
     2 | D:1      | Noticed a tengu
     4 | D:1      | Noticed a vine stalker
     4 | D:1      | Noticed a demonspawn
     6 | D:1      | Noticed a formicid
     6 | D:1      | Noticed an octopode
     8 | D:1      | Noticed a vampire
     8 | D:1      | Noticed a centaur
    10 | D:1      | Noticed an elf
    12 | D:1      | Noticed an ogre
    14 | D:1      | Noticed a troll
    14 | D:1      | Noticed a gargoyle
    18 | D:1      | Noticed a halfling
    18 | D:1      | Noticed a merfolk
    20 | D:1      | Noticed a human
    20 | D:1      | Noticed a minotaur
    22 | D:1      | Noticed a ghoul
    22 | D:1      | Noticed a felid
    24 | D:1      | Noticed a dwarf
    24 | D:1      | Noticed a spriggan
    26 | D:1      | Noticed a demigod
    26 | D:1      | Noticed a naga
    74 | D:1      | Reached skill level 2 in Axes
    94 | D:2      | Reached XP level 2. HP: 11/19 MP: 2/2
   151 | D:1      | Found a shimmering altar of Xom.
   360 | D:2      | Reached XP level 3. HP: 11/23 MP: 3/3
   710 | D:3      | Found a white marble altar of Elyvilon.
   816 | D:3      | Reached XP level 4. HP: 21/29 MP: 4/4
   849 | D:3      | Found a transporter.
   850 | D:3      | Noticed HoaS's ghost (weakling DgTm)
   852 | D:3      | Found a transporter.
   983 | D:4      | Reached skill level 3 in Axes
   990 | D:4      | Found a shattered altar of Ashenzari.
  1007 | D:4      | Reached XP level 5. HP: 33/33 MP: 5/5
  1251 | D:5      | Entered Level 5 of the Dungeon
  1263 | D:5      | Reached XP level 6. HP: 16/38 MP: 2/6
  1362 | D:4      | Found a shimmering blue altar of Sif Muna.
  1431 | D:5      | Found Liawiq's General Store.
  1439 | D:5      | Bought a potion of mutation for 104 gold pieces
  1439 | D:5      | Gained mutation: Your muscles are strong. (Str +2) [potion
                  | of mutation]
  1439 | D:5      | Gained mutation: You are partially covered in slimy green
                  | scales. (AC +2) [potion of mutation]
  1468 | D:5      | Found Ileagi's Magic Scroll Emporium.
  1490 | D:5      | Bought a scroll of enchant weapon for 105 gold pieces
  1678 | D:5      | Reached skill level 4 in Axes
  1930 | D:5      | Found Vofuc's Food Shoppe.
  2056 | D:6      | Reached XP level 7. HP: 44/44 MP: 7/7
  2160 | D:6      | Reached skill level 5 in Armour
  2184 | D:6      | Reached skill level 5 in Fighting
  2184 | D:6      | Reached skill level 5 in Shields
  2329 | D:6      | Reached skill level 5 in Axes
  2503 | D:6      | Found a radiant altar of Vehumet.
  2549 | D:7      | Noticed Harold
  2574 | D:7      | Killed Harold
  2574 | D:7      | Reached skill level 6 in Axes
  2574 | D:7      | Reached XP level 8. HP: 16/51 MP: 1/8
  2699 | D:7      | Found a staircase to the Ecumenical Temple.
  2708 | Temple   | Entered the Ecumenical Temple
  2736 | Temple   | Became a worshipper of Warmaster Okawaru
  2784 | D:7      | Reached XP level 9. HP: 50/56 MP: 9/9
  2866 | D:7      | Noticed Joseph
  2891 | D:7      | Killed Joseph
  2891 | D:7      | Reached skill level 7 in Axes
  2891 | D:7      | Reached skill level 1 in Invocations
  2896 | D:7      | Found a sacrificial altar of Ru.
  2912 | D:7      | Found a basalt altar of Yredelemnul.
  2912 | D:7      | Found a stormy altar of Qazlal.
  2914 | D:7      | Found a bloodstained altar of Trog.
  2914 | D:7      | Found a hazy altar of Hepliaklqana.
  2917 | D:7      | Found a sparkling altar of Nemelex Xobeh.
  2967 | D:8      | Noticed a hornet
  2978 | D:8      | Killed a hornet
  3003 | D:8      | Reached * piety under Okawaru
  3057 | D:9      | Found Vevyxul's Gadget Shop.
  3083 | D:9      | Noticed an obsidian statue
  3085 | D:9      | Noticed an ice devil
  3259 | D:8      | Found a hide-covered altar of Uskayaw.
  3394 | D:10     | Entered Level 10 of the Dungeon
  3439 | D:9      | Reached ** piety under Okawaru
  3484 | D:9      | Found a staircase to the Lair.
  3508 | D:9      | Found a staircase to the Orcish Mines.
  3552 | D:10     | Reached skill level 1 in Evocations
  3588 | D:10     | Noticed a hornet
  3601 | D:10     | Killed a hornet
  3601 | D:10     | Reached XP level 10. HP: 48/63 MP: 8/12
  3706 | D:9      | Noticed a smoke demon
  3713 | D:9      | Killed an obsidian statue
  3713 | D:9      | Reached skill level 8 in Axes
  3723 | D:9      | Got a steaming ring mail
  3764 | D:9      | Identified the +2 ring mail "Lis Jeof" {rC+} (You found it
                  | on level 9 of the Dungeon)
  3808 | Lair:1   | Entered Level 1 of the Lair of Beasts
  3864 | Lair:2   | Reached *** piety under Okawaru
  3881 | Lair:2   | Reached **** piety under Okawaru
  3941 | Lair:2   | Got a heavily runed ring mail
  3952 | Lair:2   | Identified the cursed +1 ring mail of Uxol {Dex+4} (You
                  | found it on level 2 of the Lair of Beasts)
  4053 | Lair:2   | Reached skill level 9 in Axes
  4053 | Lair:2   | Reached XP level 11. HP: 34/68 MP: 11/14
  4054 | Lair:2   | Reached skill level 5 in Invocations
  4070 | Lair:2   | Found a runed translucent door.
  4070 | Lair:2   | Noticed kae's ghost (journeyman MfIE)
  4130 | Lair:1   | Received a gift from Okawaru
  4144 | Lair:1   | You fall into a shaft and drop 1 floor!
  4524 | Lair:3   | Reached ***** piety under Okawaru
  4593 | Lair:3   | Found a staircase to the Snake Pit.
  4698 | Lair:3   | Received a gift from Okawaru
  4740 | Lair:3   | Reached skill level 10 in Axes
  5002 | Lair:5   | Reached XP level 12. HP: 41/76 MP: 7/16
  5033 | Lair:5   | Noticed a dire elephant
  5042 | Lair:5   | HP: 3/76 [dire elephant (17)]
  5042 | Lair:5   | Slain by a dire elephant

Illustrated notes

Levels and vault maps discovered:
D:1:      kb_arrival_jail, layout_rooms, xom_teletrap_fun
D:2:      cheibrodos_fertilizer, layout_loops_ring
D:3:      layout_loops_cross, elyvilon_altar_3, first_ration,
          gammafunk_ghost_mausoleum
D:4:      layout_rooms, led_sif_book, cheibrodos_ashenzari_chains
D:5:      layout_gridville, serial_shops, shop, shop_coins,
          nicolae_shop_statue_plus, kennysheep_little_box, dk_vineyard_1
D:6:      layout_basic, vehumet_crystals
D:7:      layout_loops_corners, grunt_temple_overflow_open,
          minmay_temple_entry_sparse_star, basic_altar, fountainhead,
          uniq_joseph, uniq_harold
D:8:      layout_loops_ring, eat_drink_and_be_merry_uskayaw, serial_shops, shop
D:9:      layout_basic, dpeg_oklobed_lair, orc_0_dummy, serial_shops, shop,
          grunt_ogre_cave, minmay_protected_statue
D:10:     layout_rooms, nrook_campfire
Temple:   cyrus_circular_temple
Lair:1:   layout_hall_layers, serial_bayou_shore_b
Lair:2:   layout_gridlike, hellmonk_ghost_happy_afterlife, lemuel_fruit_tree,
          infiniplex_staircase_pool, serial_bayou_shore_b
Lair:3:   layout_hall_layers, guppyfry_snake_entry_island
Lair:4:   layout_misc_corridors, minmay_swamp_entry_worms
Lair:5:   mu_elephants_graveyard, layout_small_grid, gammafunk_ghost_split

Skill      XL: |  1  2  3  4  5  6  7  8  9 10 11 |
---------------+----------------------------------+-----
Axes           | 2 3 4 6 7 9 10 | 10.6
Armour         | 4 6 7 8 9 |  9.4
Fighting       | 4 6 7 8 9 |  9.4
Shields        | 4 6 7 8 9 |  9.4
Invocations    | 3 4 6 |  6.8
Evocations     | 2 4 |  4.0

Action                   |  1- 3 |  4- 6 |  7- 9 | 10-12 || total
-------------------------+-------+-------+-------+-------++-------
Melee: War axe           |   189 |   179 |   382 |   417 ||  1167
Throw: Boomerang         |       |       |       |     2 ||     2
Invok: Heroism           |       |       |       |    10 ||    10
       Finesse           |       |       |       |     1 ||     1
Evoke: Wand              |       |       |     3 |     5 ||     8
  Use: Potion            |       |     2 |       |       ||     2
       Scroll            |       |     5 |     6 |     6 ||    17
 Stab: Paralysed         |       |       |     6 |       ||     6
  Eat: Chunk             |       |     2 |     2 |     2 ||     6
       Ration            |       |     1 |     3 |     1 ||     5
Armor: Scale mail        |    38 |       |       |       ||    38
       Plate armour      |   129 |   149 |   277 |   389 ||   944
Dodge: Dodged            |    46 |    30 |    74 |   149 ||   299
Block: Kite shield       |   146 |   114 |   251 |   345 ||   856

Table legend:
 A = Non-vault XP
 B = Vault XP
 C = Vault XP percentage of total XP
 D = Non-vault monster count
 E = Vault monster count
 F = Vault count percentage of total count
                 A         B        C        D         E       F
            +---------+---------+-------+---------+---------+-------
      Total |   17655 |    3717 |  17.4 |     201 |       9 |   4.3
            +---------+---------+-------+---------+---------+-------
        D:1 |      12 |       0 |   0.0 |       9 |       0 |   0.0
        D:2 |      49 |       0 |   0.0 |      20 |       0 |   0.0
        D:3 |      47 |       0 |   0.0 |      11 |       0 |   0.0
        D:4 |     187 |       0 |   0.0 |      10 |       0 |   0.0
        D:5 |     266 |       0 |   0.0 |      13 |       0 |   0.0
        D:6 |     628 |       0 |   0.0 |      24 |       0 |   0.0
        D:7 |     324 |    1405 |  81.3 |       8 |       2 |  20.0
        D:8 |     849 |       0 |   0.0 |      15 |       0 |   0.0
        D:9 |     680 |     655 |  49.1 |      12 |       1 |   7.7
       D:10 |     616 |       0 |   0.0 |       8 |       0 |   0.0
     Temple |      91 |       0 |   0.0 |       2 |       0 |   0.0
     Lair:1 |    1752 |       0 |   0.0 |       9 |       0 |   0.0
     Lair:2 |    5091 |       0 |   0.0 |      26 |       0 |   0.0
     Lair:3 |    3699 |     498 |  11.9 |      22 |       3 |  12.0
     Lair:4 |     693 |       0 |   0.0 |       6 |       0 |   0.0
     Lair:5 |    2671 |    1159 |  30.3 |       6 |       3 |  33.3
            +---------+---------+-------+---------+---------+-------
